 Dungeon Sprint DCSS version 0.17-a0-671-g4330659 (webtiles) character file.

29992 EvilTwin the Peltast (level 13, -6/145 HPs)
             Began as a Troll Monk on Apr 18, 2015.
             Was the Champion of Jiyva.
             Shot with a poisoned arrow by Nessos (10 damage)
             ... in the Dungeon (Sprint V: "Ziggurat Sprint").
             The game lasted 00:24:39 (940 turns).

EvilTwin the Peltast (Troll Monk)                    Turns: 940, Time: 00:24:40

Health: -6/145     AC: 20    Str: 33    XL:     13   Next: 18%
Magic:  0/12       EV:  9    Int:  8    God:    Jiyva [******]
Gold:   0          SH: 28    Dex: 34    Spells: 0 memorised, 12 levels left

rFire  + . .     SeeInvis +     a - +14 obsidian axe {chop, +Fly Str+3 SInv Curse} (curse)
rCold  + . .     Clarity  .     F - +5 gold dragon armour
rNeg   . . .     SustAb   .     E - +3 large shield
rPois  +         Gourm    +     (helmet restricted)
rElec  .         Spirit   +     (no cloak)
rCorr  +         Warding  .     (gloves unavailable)
rMut   .         NoTele   +     (boots unavailable)
MR     ++...                    Y - amulet of Daisies {Spirit Str+6 Dex+8 Stlth-}
Stlth  ..........               C - +6 ring of dexterity
                                D - +6 ring of dexterity

@: mesmerised, studying Stealth, very resistant to hostile enchantments,
extremely unstealthy
A: unfitting armour, claws 3, thin skeletal structure 1, fast metabolism 3,
gourmand, magic resistance 2, regeneration 2, shaggy fur 1, tough skin 2, acidic
bite, eyeballs 3, pseudopods 1, translucent skin 2, tendrils
a: Request Jelly, Jelly Paralyse, Slimify, Cure Bad Mutation, Renounce Religion,
Evoke Flight


You were in the Dungeon.
You worshipped Jiyva.
Jiyva was exalted by your worship.
You were very full.

You visited 1 branch

Inventory:

Hand weapons
 a - the cursed +14 obsidian axe (weapon) {chop, +Fly Str+3 SInv Curse}
   (You found it in the Dungeon)

   It inflicts extra damage upon your enemies.
   It affects your strength (+3).
   It enhances your eyesight.
   It lets you fly.
   It may re-curse itself when equipped.
   It has a curse placed upon it.
 q - the +2 spear "Qull" {pain, MR- MP+9 Int+4}
   (You found it in the Dungeon)

   In the hands of one skilled in necromantic magic, it inflicts extra damage on
   living creatures.
   It affects your intelligence (+4).
   It affects your resistance to hostile enchantments.
   It affects your magic capacity (+9).
 I - the +9 flail of Naggih {freeze, +Rage rPois rC- rN++}
   (You found it in the Dungeon)

   It has been specially enchanted to freeze those struck by it, causing extra
   injury to most foes and up to half again as much damage against particularly
   susceptible opponents.
   It can also slow down cold-blooded creatures.
   It makes you vulnerable to cold.
   It protects you from poison.
   It greatly protects you from negative energy.
   It lets you go berserk.
 O - the +9 long sword of the Forest {slice, rPois rF+ Int+4 Stlth+}
   (You found it in the Dungeon)

   It inflicts extra damage upon your enemies.
   It affects your intelligence (+4).
   It protects you from fire.
   It protects you from poison.
   It makes you more stealthy.
 T - the +10 flail of Prescription {antimagic, rC+ SInv}
   (You found it in the Dungeon)

   It disrupts the flow of magical energy around spellcasters and certain
   magical creatures (including the wielder).
   It protects you from cold.
   It enhances your eyesight.
Armour
 E - a +3 large shield (worn)
 F - a +5 gold dragon armour (worn)
Rods
 S - a +1 rod of inaccuracy (10/10)
   (You found it in the Dungeon)
 X - a +0 iron rod (11/11)
   (You took it off a vault guard in the Dungeon)
Jewellery
 C - a +6 ring of dexterity (right claw)
 D - a +6 ring of dexterity (left claw)
 P - the amulet "Leraadd" {+Rage Int+4 Dex-3 Slay+2}
   (You found it in the Dungeon)

   [amulet of rage]

   It affects your intelligence (+4).
   It affects your dexterity (-3).
   It affects your accuracy and damage with ranged weapons and melee attacks
   (+2).
   It lets you go berserk.
 Q - an uncursed ring of ice
 R - a +2 ring of strength
 U - the amulet of the Four Winds {Clar rN+ MR+++}
   (You took it off a vampire knight in the Dungeon)

   [amulet of clarity]

   It provides mental clarity.
   It protects you from negative energy.
   It affects your resistance to hostile enchantments.
 V - an uncursed ring of protection from cold
 W - an uncursed ring of fire
 Y - the amulet of Daisies (around neck) {Spirit Str+6 Dex+8 Stlth-}
   (You took it off a vault guard in the Dungeon)

   [amulet of guardian spirit]

   It causes incoming damage to be split between your health and magic.
   It affects your strength (+6).
   It affects your dexterity (+8).
   It makes you less stealthy.
 Z - the ring "Cires" {rPois MR- MP+9 Int+2}
   (You found it in the Dungeon)

   [ring of intelligence]

   It affects your intelligence (+2).
   It protects you from poison.
   It affects your resistance to hostile enchantments.
   It affects your magic capacity (+9).
Magical devices
 i - a wand of disintegration (7)
 j - a wand of fire (5)
 k - a wand of cold (5)
 l - a wand of draining (5)
Scrolls
 h - a scroll of blinking
 t - 4 scrolls of amnesia
 u - 3 scrolls of recharging
 v - 7 scrolls of fog
 w - a scroll of holy word
 x - 5 scrolls of identify
 y - 5 scrolls of remove curse
 z - 2 scrolls of fear
 H - 2 scrolls of brand weapon
Potions
 c - 10 potions of curing
 d - 2 potions of heal wounds
 e - 6 potions of haste
 f - 7 potions of magic
 g - a potion of berserk rage
 m - 2 potions of brilliance
 n - 2 potions of invisibility
 o - 2 potions of restore abilities
 p - 4 potions of resistance
 r - 5 potions of agility
 s - 5 potions of might
Books
 G - a manual of Stealth
Miscellaneous
 J - a box of beasts
 K - a sack of spiders
 L - a lamp of fire
 M - a phial of floods
 N - a phial of floods
Comestibles
 b - 6 bread rations
 A - 42 fruits
 B - 4 meat rations


   Skills:
 + Level 13.8 Fighting
 + Level 13.5 Axes
 - Level 0.6(9.8) Maces & Flails
 + Level 12.1 Armour
 + Level 5.0 Dodging
 - Level 1.1 Stealth
 + Level 16.2 Shields
 + Level 11.7 Unarmed Combat


You had 12 spell levels left.
You didn't know any spells.

Dungeon Overview and Level Annotations

Branches:
Dungeon (1/1)

Altars:
Ashenzari
Cheibriados
Dithmenos
Elyvilon
Fedhas
Gozag
Kikubaaqudgha
Makhleb
Nemelex Xobeh
Okawaru
Qazlal
Ru
Sif Muna
Trog
Vehumet
Xom
Yredelemnul
Zin
The Shining One
Beogh
Jiyva
Lugonu

Annotations:
D Duvessa, Erolcha, Eustachio, Gastronok, Jessica, Kirke, Nergalle, Nessos, Polyphemus, Snorg, Terence


Innate Abilities, Weirdness & Mutations

You are too large for most types of armour.
You have claws for hands.
Your metabolism is lightning-fast.
You like to eat raw meat.
You heal very quickly.
You are covered in fur (AC +1).
You have very tough skin (AC +2).
You have a somewhat thin skeletal structure (Dex +2, Stealth).
You are highly resistant to hostile enchantments.
You have acidic saliva.
Your body is completely covered in golden eyeballs (Acc +7, SInv).
Armour fits poorly on your pseudopods.
Your skin is mostly translucent (Stealth, -foe acc).
You are covered in slimy tendrils that may disarm your opponents.


Message History

You kill the bat!
The bat's corpse disappears in a puff of smoke!
You slice the white imp!!
You kill the white imp!
Sigmund dies!
Nessos shoots a poisoned arrow.
The poisoned arrow hits you!
* * * LOW HITPOINT WARNING * * *
Snorg goes berserk!
Eustachio mumbles some strange words.
Nergalle casts a spell at you.
Orcish apparitions take form around you.
You slice Snorg!! You bite Snorg.
Snorg is splashed with acid.
Snorg writhes in agony as his flesh is eaten away!
Snorg is heavily wounded.
You slice the spectral orc knight!!
The spectral orc knight is heavily damaged.
You hit Terence but do no damage. You open a gate to Pandemonium!
A demon appears!
Visions of slaying the spectral orc knight flood into your mind.
The white imp disappears in a puff of smoke!
Nessos shoots a poisoned arrow.
The poisoned arrow hits you!
You die...

▓▓▓▓▓▓▓▓▓▓▓▓▓▓▓..:))[
, ▓.....8©8 ▓...J.4
▓...)..[}[ ▓......
▓...}|.@}): ▓......
▓........... ▓......
▓......c.... ▓......
▓....Z..O.... ▓..▓...
▓..4....r5....▓.▓▓▓..
▓.Z.@To.w.r.. ▓..▓..)
▓..▓Z@.§@.r▓. ▓.....)
▓. ▓▓EC@..▓▓ ▓▓▓▓▓▓▓
▓..▓..e[.5.▓..▓....8©
▓....≈))......▓....=:
▓.............▓....)[
▓▓▓▓▓▓▓▓▓▓▓▓▓▓▓......
▓...... ▓......


You could see Polyphemus, Gastronok, Kirke, Snorg (berserk), Nessos, Nergalle,
Erolcha, a spectral orc, a spectral orc warrior, a spectral orc knight,
Eustachio, Duvessa, Terence, 2 crimson imps, a river rat, Jessica, 2 rats, a
friendly water elemental and a friendly sixfirhy.

Vanquished Creatures
  Saint Roka (D)
  A lich (D)
  A shadow dragon (D)
  A ghoul (D)
  2 stone giants (D)
  A vampire knight (D)
  Azrael (D)
  10 vault guards (D)
  An anaconda (D)
  A deep elf knight (D)
  A skeletal warrior (D)
  A deep elf summoner (D)
  An orc knight (D)
  A deep elf conjurer (D)
  A cyclops (D)
  A black mamba (D)
  3 naga magi (D)
  2 freezing wraiths (D)
  2 merfolk (D)
  A yaktaur (D)
  A blue devil (D)
  3 vampires (D)
  A redback (D)
  5 spriggans (D)
  4 shadows (D)
  A wraith (D)
  2 deep elf fighters (D)
  A hippogriff (D)
  A wolf (D)
  3 hungry ghosts (D)
  2 water moccasins (D)
  2 ice beasts (D)
  2 phantoms (D)
  6 black bears (D)
  An ogre (shapeshifter) (D)
  4 necrophages (D)
  A wasp (D)
  2 wights (D)
  A quasit (D)
  An iron imp (D)
  A hell rat (D)
  2 sheep (D)
  A shadow imp (D)
  3 white imps (D)
  An adder skeleton (D)
  4 adder zombies (D)
  3 bat skeletons (D)
  A bat (D)
  2 giant cockroach zombies (D)
96 creatures vanquished.

Vanquished Creatures (collateral kills)
  A ghoul (D)
  An anaconda (D)
  A skeletal warrior (D)
  A cyclops (D)
  A necromancer (D)
  2 guardian serpents (D)
  A boulder beetle (D)
  Sigmund (D)
  2 hippogriffs (D)
  A ball python (D)
  A bat skeleton (D)
  A bat (D)
14 creatures vanquished.

Vanquished Creatures (others)
  An ice dragon (D)
  A soul eater (D)
  An orange demon (D)
  A hellwing (D)
  A ynoxinul (D)
  2 neqoxecs (D)
  A chaos spawn (D)
  16 jellies (D)
  4 ufetubi (D)
28 creatures vanquished.

Grand Total: 138 creatures vanquished

Notes
Turn   | Place    | Note
--------------------------------------------------------------
     0 | D        | EvilTwin, the Troll Monk, began the quest for the Orb.
     0 | D        | Reached XP level 1. HP: 22/22 MP: 0/0
     0 | D        | Found a viscous altar of Jiyva.
     0 | D        | Found a corrupted altar of Lugonu.
     0 | D        | Found a white marble altar of Elyvilon.
     3 | D        | Found a sparkling altar of Nemelex Xobeh.
     7 | D        | Found a deep blue altar of Sif Muna.
     8 | D        | Found a burning altar of Makhleb.
     9 | D        | Found a bloodstained altar of Trog.
    12 | D        | Found an iron altar of Okawaru.
    15 | D        | Found a basalt altar of Yredelemnul.
    15 | D        | Found a radiant altar of Vehumet.
    34 | D        | Found a shimmering altar of Xom.
    62 | D        | Reached skill level 5 in Unarmed Combat
    62 | D        | Reached XP level 2. HP: 29/31 MP: 1/1
    73 | D        | Became a worshipper of Jiyva Jeir the Shapeless
    73 | D        | Acquired Jiyva's first power
    73 | D        | Acquired Jiyva's second power
    79 | D        | Gained mutation: Your flesh is heat resistant. [Jiyva's grace]
    82 | D        | Acquired Jiyva's third power
    82 | D        | Lost mutation: Your flesh is heat resistant. [Jiyva's grace]
    84 | D        | Gained mutation: You are partially covered in rugged brown scales (AC +1, +3% HP). [Jiyva's grace]
    84 | D        | Acquired Jiyva's fourth power
    84 | D        | Gained mutation: Your spells are a little easier to cast, but a little less powerful. [Jiyva's grace]
    87 | D        | Gained mutation: Your flesh is heat resistant. [Jiyva's grace]
    87 | D        | Lost mutation: Your spells are a little easier to cast, but a little less powerful. [Jiyva's grace]
    91 | D        | Lost mutation: Your flesh is heat resistant. [Jiyva's grace]
    91 | D        | Gained mutation: You are dopey. (Int -2) [Jiyva's grace]
    91 | D        | Gained mutation: Your muscles are strong. (Str +2) [Jiyva's grace]
    92 | D        | Lost mutation: Your muscles are strong. (Str +2) [Jiyva's grace]
    92 | D        | Gained mutation: You have a pair of small antennae on your head. [Jiyva's grace]
    93 | D        | Gained mutation: You have a small jelly attached to you that may absorb incoming projectiles. [Jiyva's grace]
    94 | D        | Lost mutation: You are dopey. (Int -2) [Jiyva's grace]
    96 | D        | Lost mutation: You have a small jelly attached to you that may absorb incoming projectiles. [Jiyva's grace]
    96 | D        | Lost mutation: You have a pair of small antennae on your head. [Jiyva's grace]
    96 | D        | Gained mutation: You can breathe flames. [Jiyva's grace]
    96 | D        | Gained mutation: Your rubbery body absorbs attacks (AC +1). [Jiyva's grace]
    96 | D        | Gained mutation: You are mostly covered in rugged brown scales (AC +2, +5% HP). [Jiyva's grace]
    96 | D        | Lost mutation: You can breathe flames. [Jiyva's grace]
    97 | D        | Lost mutation: You are mostly covered in rugged brown scales (AC +2, +5% HP). [Jiyva's grace]
    99 | D        | Gained mutation: You possess an exceptional clarity of mind. [Jiyva's grace]
    99 | D        | Gained mutation: You have a pair of small horns on your head. [Jiyva's grace]
    99 | D        | Lost mutation: You have a pair of small horns on your head. [Jiyva's grace]
    99 | D        | Lost mutation: Your rubbery body absorbs attacks (AC +1). [Jiyva's grace]
    99 | D        | Gained mutation: Your spells are a little harder to cast, but a little more powerful. [Jiyva's grace]
   101 | D        | Gained mutation: You are covered in slimy tendrils that may disarm your opponents. [Jiyva's grace]
   101 | D        | Lost mutation: Your spells are a little harder to cast, but a little more powerful. [Jiyva's grace]
   101 | D        | Gained mutation: Your skin is partially translucent (Stealth, -foe acc). [Jiyva's grace]
   102 | D        | Entered arena 1.
   102 | D        | Noticed a phantom
   104 | D        | Gained mutation: Your mind is acute. (Int +2) [Jiyva's grace]
   109 | D        | Gained mutation: You can translocate small distances at will. [Jiyva's grace]
   109 | D        | Lost mutation: Your mind is acute. (Int +2) [Jiyva's grace]
   109 | D        | Lost mutation: You possess an exceptional clarity of mind. [Jiyva's grace]
   110 | D        | Lost mutation: You are partially covered in rugged brown scales (AC +1, +3% HP). [Jiyva's grace]
   110 | D        | Gained mutation: You occasionally shout uncontrollably at your foes. [Jiyva's grace]
   110 | D        | Gained mutation: You are partially covered in large bone plates (AC +2, SH +2). [Jiyva's grace]
   110 | D        | Gained mutation: Your body is slowly deteriorating. [Jiyva's grace]
   110 | D        | Lost mutation: You are partially covered in large bone plates (AC +2, SH +2). [Jiyva's grace]
   110 | D        | Gained mutation: You are good at translocating small distances at will. [Jiyva's grace]
   110 | D        | Gained mutation: You have a somewhat thin skeletal structure (Dex +2, Stealth). [Jiyva's grace]
   110 | D        | Lost mutation: Your skin is partially translucent (Stealth, -foe acc). [Jiyva's grace]
   111 | D        | Gained mutation: You are resistant to hostile enchantments. [Jiyva's grace]
   116 | D        | Killed a phantom
   116 | D        | Reached skill level 7 in Unarmed Combat
   116 | D        | Reached XP level 3. HP: 37/40 MP: 2/2
   116 | D        | Reached XP level 4. HP: 45/49 MP: 3/3
   116 | D        | Gained mutation: You are resistant to electric shocks. [Jiyva's grace]
   121 | D        | Got the +2 spear "Qull" {pain, MR- MP+9 Int+4}
   123 | D        | Entered arena 2.
   123 | D        | Noticed an iron imp
   123 | D        | Noticed a quasit
   123 | D        | Gained mutation: You can breathe flames. [Jiyva's grace]
   125 | D        | Lost mutation: Your body is slowly deteriorating. [Jiyva's grace]
   129 | D        | Gained mutation: Your body is partially covered in golden eyeballs (Acc +3). [Jiyva's grace]
   132 | D        | Killed a quasit
   132 | D        | Gained mutation: You are partially covered in thin metallic scales (AC +2). [Jiyva's grace]
   133 | D        | Reached XP level 5. HP: 55/55 MP: 4/4
   134 | D        | Gained mutation: You have a small jelly attached to you that may absorb incoming projectiles. [Jiyva's grace]
   136 | D        | Gained mutation: You are agile. (Dex +2) [Jiyva's grace]
   138 | D        | Killed an iron imp
   138 | D        | Reached skill level 5 in Fighting
   138 | D        | Reached skill level 8 in Unarmed Combat
   140 | D        | Lost mutation: You can breathe flames. [Jiyva's grace]
   143 | D        | Entered arena 3.
   143 | D        | Noticed a black bear
   143 | D        | Noticed a wolf
   143 | D        | Noticed a black bear
   143 | D        | Noticed a black bear
   146 | D        | Lost mutation: You are resistant to hostile enchantments. [Jiyva's grace]
   148 | D        | Lost mutation: You have a small jelly attached to you that may absorb incoming projectiles. [Jiyva's grace]
   149 | D        | Killed a black bear
   151 | D        | Gained mutation: Your body is slowly deteriorating. [Jiyva's grace]
   153 | D        | Killed a black bear
   153 | D        | Reached skill level 5 in Dodging
   153 | D        | Reached skill level 5 in Shields
   153 | D        | Reached skill level 9 in Unarmed Combat
   153 | D        | Reached XP level 6. HP: 64/67 MP: 5/5
   156 | D        | Lost mutation: Your body is slowly deteriorating. [Jiyva's grace]
   158 | D        | Gained mutation: You passively map a small area around you. [Jiyva's grace]
   160 | D        | Killed a black bear
   161 | D        | Lost mutation: You passively map a small area around you. [Jiyva's grace]
   162 | D        | Killed a wolf
   162 | D        | Reached XP level 7. HP: 75/75 MP: 6/6
   164 | D        | Gained mutation: Armour fits poorly on your strangely shaped body. [Jiyva's grace]
   165 | D        | Entered arena 4.
   165 | D        | Noticed a boulder beetle
   165 | D        | Noticed an orc knight
   165 | D        | Noticed a deep elf knight
   165 | D        | Noticed an ice dragon
   167 | D        | Gained mutation: You are partially covered in large bone plates (AC +2, SH +2). [Jiyva's grace]
   172 | D        | Gained mutation: You have a small jelly attached to you that may absorb incoming projectiles. [Jiyva's grace]
   174 | D        | Gained mutation: You can spit weak poison. [Jiyva's grace]
   176 | D        | Killed a deep elf knight
   176 | D        | Reached skill level 10 in Unarmed Combat
   177 | D        | Killed a boulder beetle
   177 | D        | Reached skill level 5 in Armour
   180 | D        | Lost mutation: You are agile. (Dex +2) [Jiyva's grace]
   181 | D        | Killed an ice dragon
   181 | D        | Reached XP level 8. HP: 87/87 MP: 7/7
   182 | D        | Killed an orc knight
   188 | D        | Lost mutation: You occasionally shout uncontrollably at your foes. [Jiyva's grace]
   190 | D        | Lost mutation: Armour fits poorly on your strangely shaped body. [Jiyva's grace]
   194 | D        | Lost mutation: You are partially covered in large bone plates (AC +2, SH +2). [Jiyva's grace]
   197 | D        | Lost mutation: You are good at translocating small distances at will. [Jiyva's grace]
   197 | D        | Lost mutation: You can translocate small distances at will. [Jiyva's grace]
   198 | D        | Gained mutation: You have a small jelly attached to you that senses nearby items. [Jiyva's grace]
   198 | D        | Gained mutation: You are partially covered in rugged brown scales (AC +1, +3% HP). [Jiyva's grace]
   199 | D        | Lost mutation: Your body is partially covered in golden eyeballs (Acc +3). [Jiyva's grace]
   200 | D        | Lost mutation: You have a somewhat thin skeletal structure (Dex +2, Stealth). [Jiyva's grace]
   200 | D        | Lost mutation: You can spit weak poison. [Jiyva's grace]
   202 | D        | Lost mutation: You have a small jelly attached to you that may absorb incoming projectiles. [Jiyva's grace]
   204 | D        | Lost mutation: You are resistant to electric shocks. [Jiyva's grace]
   205 | D        | Entered arena 5.
   205 | D        | Noticed a fire drake
   205 | D        | Noticed a deep elf fighter
   205 | D        | Noticed a deep elf summoner
   205 | D        | Noticed a deep elf fighter
   205 | D        | Noticed a deep elf conjurer
   206 | D        | Gained mutation: Your mind is acute. (Int +2) [Jiyva's grace]
   206 | D        | Identified the +7 scimitar of Cowardice {distort, rF+ rN++}
   208 | D        | Gained mutation: You have sharp toenails. [Jiyva's grace]
   211 | D        | Gained mutation: You have acidic saliva. [Jiyva's grace]
   211 | D        | Lost mutation: You have sharp toenails. [Jiyva's grace]
   211 | D        | Gained mutation: Your spells are a little harder to cast, but a little more powerful. [Jiyva's grace]
   213 | D        | Lost mutation: You are covered in slimy tendrils that may disarm your opponents. [Jiyva's grace]
   215 | D        | Killed a deep elf conjurer
   215 | D        | Reached skill level 10 in Shields
   215 | D        | Reached skill level 11 in Unarmed Combat
   215 | D        | Reached XP level 9. HP: 89/98 MP: 8/8
   217 | D        | Lost mutation: You have a small jelly attached to you that senses nearby items. [Jiyva's grace]
   219 | D        | a fire drake changed into an ogre
   221 | D        | Gained mutation: You are clumsy. (Dex -2) [Jiyva's grace]
   227 | D        | Killed a deep elf fighter
   227 | D        | Lost mutation: You have acidic saliva. [Jiyva's grace]
   230 | D        | Gained mutation: You can spit weak poison. [Jiyva's grace]
   233 | D        | Gained mutation: You are resistant to hostile enchantments. [Jiyva's grace]
   236 | D        | Gained mutation: You have a small jelly attached to you that senses nearby items. [Jiyva's grace]
   237 | D        | Killed a deep elf summoner
   239 | D        | Killed a deep elf fighter
   239 | D        | Gained mutation: Armour fits poorly on your pseudopods. [Jiyva's grace]
   240 | D        | Gained mutation: You have large cloven feet. [Jiyva's grace]
   240 | D        | Gained mutation: You are highly resistant to hostile enchantments. [Jiyva's grace]
   240 | D        | Gained mutation: You are covered in slimy tendrils that may disarm your opponents. [Jiyva's grace]
   240 | D        | Lost mutation: Your spells are a little harder to cast, but a little more powerful. [Jiyva's grace]
   240 | D        | Gained mutation: Armour fits poorly on your large pseudopods. [Jiyva's grace]
   248 | D        | Gained mutation: Armour fits poorly on your massive pseudopods. [Jiyva's grace]
   265 | D        | Lost mutation: You are covered in slimy tendrils that may disarm your opponents. [Jiyva's grace]
   270 | D        | Gained mutation: You have acidic saliva. [Jiyva's grace]
   279 | D        | Gained mutation: You possess an exceptional clarity of mind. [Jiyva's grace]
   286 | D        | Lost mutation: You are clumsy. (Dex -2) [Jiyva's grace]
   290 | D        | Gained mutation: You have very sharp teeth. [Jiyva's grace]
   290 | D        | Lost mutation: You possess an exceptional clarity of mind. [Jiyva's grace]
   292 | D        | Lost mutation: Your mind is acute. (Int +2) [Jiyva's grace]
   304 | D        | Lost mutation: You have large cloven feet. [Jiyva's grace]
   317 | D        | Lost mutation: You are highly resistant to hostile enchantments. [Jiyva's grace]
   326 | D        | Gained mutation: Your skin is partially translucent (Stealth, -foe acc). [Jiyva's grace]
   329 | D        | Lost mutation: You are partially covered in thin metallic scales (AC +2). [Jiyva's grace]
   332 | D        | Lost mutation: You can spit weak poison. [Jiyva's grace]
   335 | D        | Gained mutation: Your body is partially covered in golden eyeballs (Acc +3). [Jiyva's grace]
   336 | D        | Lost mutation: You are resistant to hostile enchantments. [Jiyva's grace]
   337 | D        | Entered arena 6.
   337 | D        | Noticed a necrophage
   337 | D        | Noticed a necrophage
   337 | D        | Noticed a phantom
   337 | D        | Noticed a wight
   341 | D        | Killed a wight
   343 | D        | Lost mutation: You have a small jelly attached to you that senses nearby items. [Jiyva's grace]
   344 | D        | Killed a necrophage
   344 | D        | Gained mutation: Your body is mostly covered in golden eyeballs (Acc +5). [Jiyva's grace]
   347 | D        | Killed a necrophage
   347 | D        | Lost mutation: Your skin is partially translucent (Stealth, -foe acc). [Jiyva's grace]
   350 | D        | Lost mutation: You are partially covered in rugged brown scales (AC +1, +3% HP). [Jiyva's grace]
   355 | D        | Gained mutation: You have a small jelly attached to you that may absorb incoming projectiles. [Jiyva's grace]
   360 | D        | Killed a phantom
   361 | D        | Gained mutation: You regenerate. [Jiyva's grace]
   362 | D        | Got the +9 flail of Naggih {freeze, +Rage rPois rC- rN++}
   376 | D        | Entered arena 7.
   376 | D        | Noticed a jelly
   376 | D        | Noticed a shining eye
   376 | D        | Noticed a jelly
   376 | D        | Noticed a slime creature
   376 | D        | Gained mutation: You have sharp toenails. [Jiyva's grace]
   376 | D        | Gained mutation: You can spit weak poison. [Jiyva's grace]
   376 | D        | Gained mutation: You can spit poison. [Jiyva's grace]
   376 | D        | Lost mutation: You regenerate. [Jiyva's grace]
   376 | D        | Gained mutation: Your mind is acute. (Int +2) [Jiyva's grace]
   378 | D        | Gained mutation: You have a pair of small antennae on your head. [Jiyva's grace]
   384 | D        | Entered arena 8.
   384 | D        | Noticed an ice beast
   384 | D        | Noticed a freezing wraith
   384 | D        | Noticed an ice beast
   384 | D        | Noticed a freezing wraith
   384 | D        | Noticed a blue devil
   386 | D        | Gained mutation: Your rubbery body absorbs attacks (AC +1). [Jiyva's grace]
   392 | D        | Gained mutation: Your muscles are strong. (Str +2) [Jiyva's grace]
   393 | D        | Killed an ice beast
   399 | D        | Killed a blue devil
   402 | D        | Killed a freezing wraith
   402 | D        | Reached XP level 10. HP: 74/106 MP: 9/9
   403 | D        | Lost mutation: You have sharp toenails. [Jiyva's grace]
   409 | D        | Killed an ice beast
   409 | D        | Lost mutation: Your muscles are strong. (Str +2) [Jiyva's grace]
   413 | D        | Killed a freezing wraith
   413 | D        | Reached skill level 12 in Shields
   416 | D        | Gained mutation: You are covered in slimy tendrils that may disarm your opponents. [Jiyva's grace]
   418 | D        | Lost mutation: Your mind is acute. (Int +2) [Jiyva's grace]
   418 | D        | Lost mutation: You can spit poison. [Jiyva's grace]
   418 | D        | Lost mutation: You can spit weak poison. [Jiyva's grace]
   424 | D        | Gained mutation: You are dopey. (Int -2) [Jiyva's grace]
   424 | D        | Lost mutation: You are dopey. (Int -2) [Jiyva's grace]
   425 | D        | Entered arena 9.
   425 | D        | Noticed a spriggan rider
   425 | D        | Noticed a spriggan
   425 | D        | Noticed a black bear
   425 | D        | Noticed a black bear
   425 | D        | Noticed a spriggan
   425 | D        | Noticed a spriggan
   425 | D        | Noticed a spriggan
   425 | D        | Noticed a black bear
   426 | D        | Lost mutation: Your body is mostly covered in golden eyeballs (Acc +5). [Jiyva's grace]
   429 | D        | Killed a spriggan
   429 | D        | Gained mutation: Your muscles are strong. (Str +2) [Jiyva's grace]
   430 | D        | Killed a spriggan
   431 | D        | Killed a black bear
   431 | D        | Killed a black bear
   431 | D        | Killed a black bear
   433 | D        | Killed a spriggan
   435 | D        | Killed a spriggan
   440 | D        | Killed a wasp
   440 | D        | Killed a spriggan
   440 | D        | Lost mutation: Your muscles are strong. (Str +2) [Jiyva's grace]
   451 | D        | Gained mutation: You can spit weak poison. [Jiyva's grace]
   461 | D        | Lost mutation: You can spit weak poison. [Jiyva's grace]
   468 | D        | Gained mutation: Your mind is acute. (Int +2) [Jiyva's grace]
   468 | D        | Lost mutation: Your mind is acute. (Int +2) [Jiyva's grace]
   470 | D        | Lost mutation: You have a small jelly attached to you that may absorb incoming projectiles. [Jiyva's grace]
   473 | D        | Gained mutation: Your skin is partially translucent (Stealth, -foe acc). [Jiyva's grace]
   476 | D        | Lost mutation: You have acidic saliva. [Jiyva's grace]
   479 | D        | Entered arena 10.
   479 | D        | Noticed a hippogriff
   479 | D        | Noticed a cyclops
   479 | D        | Noticed a cyclops
   479 | D        | Noticed a merfolk
   479 | D        | Noticed a hippogriff
   479 | D        | Noticed a merfolk
   479 | D        | Noticed a hippogriff
   481 | D        | Lost mutation: You have very sharp teeth. [Jiyva's grace]
   482 | D        | Lost mutation: You have a pair of small antennae on your head. [Jiyva's grace]
   483 | D        | Gained mutation: You are agile. (Dex +2) [Jiyva's grace]
   485 | D        | Killed a hippogriff
   485 | D        | Lost mutation: Armour fits poorly on your massive pseudopods. [Jiyva's grace]
   486 | D        | Killed a cyclops
   486 | D        | Killed a hippogriff
   486 | D        | Reached skill level 13 in Shields
   487 | D        | Killed a merfolk
   488 | D        | Killed a hippogriff
   488 | D        | Gained mutation: You are partially covered in rough black scales (AC +4, Dex -1). [Jiyva's grace]
   489 | D        | Killed a merfolk
   490 | D        | Killed a cyclops
   492 | D        | Gained mutation: Your body is slowly deteriorating. [Jiyva's grace]
   494 | D        | Lost mutation: You are covered in slimy tendrils that may disarm your opponents. [Jiyva's grace]
   496 | D        | Lost mutation: You are agile. (Dex +2) [Jiyva's grace]
   499 | D        | Gained mutation: You have acidic saliva. [Jiyva's grace]
   503 | D        | Got the +9 long sword of the Forest {slice, rPois rF+ Int+4 Stlth+}
   506 | D        | Entered arena 11.
   506 | D        | Noticed a slime creature
   506 | D        | Noticed an eye of devastation
   506 | D        | Noticed an eye of draining
   506 | D        | Noticed an eye of devastation
   506 | D        | Noticed a golden eye
   506 | D        | Lost mutation: Your body is slowly deteriorating. [Jiyva's grace]
   506 | D        | Gained mutation: You have sharp toenails. [Jiyva's grace]
   506 | D        | Lost mutation: Your skin is partially translucent (Stealth, -foe acc). [Jiyva's grace]
   506 | D        | Gained mutation: You are dopey. (Int -2) [Jiyva's grace]
   506 | D        | Gained mutation: Your skin is partially translucent (Stealth, -foe acc). [Jiyva's grace]
   506 | D        | Gained mutation: You possess an exceptional clarity of mind. [Jiyva's grace]
   507 | D        | Noticed a death ooze
   507 | D        | Noticed a jelly
   507 | D        | Lost mutation: You possess an exceptional clarity of mind. [Jiyva's grace]
   507 | D        | Gained mutation: You are agile. (Dex +2) [Jiyva's grace]
   507 | D        | Lost mutation: You are dopey. (Int -2) [Jiyva's grace]
   509 | D        | Lost mutation: Your rubbery body absorbs attacks (AC +1). [Jiyva's grace]
   511 | D        | Gained mutation: Armour fits poorly on your strangely shaped body. [Jiyva's grace]
   512 | D        | Gained mutation: You are partially covered in slimy green scales (AC +2). [Jiyva's grace]
   513 | D        | Lost mutation: Your skin is partially translucent (Stealth, -foe acc). [Jiyva's grace]
   514 | D        | Gained mutation: Your muscles are strong. (Str +2) [Jiyva's grace]
   515 | D        | Got the amulet "Leraadd" {+Rage Int+4 Dex-3 Slay+2}
   517 | D        | Entered arena 12.
   517 | D        | Noticed a guardian serpent
   517 | D        | Noticed an anaconda
   517 | D        | Noticed an anaconda
   517 | D        | Noticed a black mamba
   517 | D        | Noticed a guardian serpent
   517 | D        | Noticed a naga mage
   517 | D        | Noticed a naga mage
   517 | D        | Noticed a water moccasin
   517 | D        | Lost mutation: Your muscles are strong. (Str +2) [Jiyva's grace]
   518 | D        | Noticed a naga mage
   518 | D        | Noticed a water moccasin
   519 | D        | Killed a naga mage
   519 | D        | Reached skill level 5 in Axes
   519 | D        | Gained mutation: You are covered in slimy tendrils that may disarm your opponents. [Jiyva's grace]
   521 | D        | Lost mutation: You are agile. (Dex +2) [Jiyva's grace]
   522 | D        | Killed a water moccasin
   522 | D        | Gained mutation: You have a small jelly attached to you that may absorb incoming projectiles. [Jiyva's grace]
   523 | D        | Killed an anaconda
   523 | D        | Reached skill level 10 in Fighting
   523 | D        | Reached XP level 11. HP: 117/117 MP: 10/10
   525 | D        | Killed a naga mage
   525 | D        | Killed a naga mage
   525 | D        | Killed a water moccasin
   525 | D        | Killed a guardian serpent
   525 | D        | Lost mutation: You are partially covered in slimy green scales (AC +2). [Jiyva's grace]
   525 | D        | Killed an anaconda
   525 | D        | Killed a guardian serpent
   525 | D        | Reached skill level 14 in Shields
   526 | D        | Killed a black mamba
   526 | D        | Lost mutation: Armour fits poorly on your strangely shaped body. [Jiyva's grace]
   529 | D        | Gained mutation: Your skin is partially translucent (Stealth, -foe acc). [Jiyva's grace]
   529 | D        | Gained mutation: You have very sharp teeth. [Jiyva's grace]
   529 | D        | Lost mutation: Your skin is partially translucent (Stealth, -foe acc). [Jiyva's grace]
   531 | D        | Gained mutation: Your body is mostly covered in golden eyeballs (Acc +5). [Jiyva's grace]
   534 | D        | Lost mutation: You are partially covered in rough black scales (AC +4, Dex -1). [Jiyva's grace]
   543 | D        | Gained mutation: Your system is resistant to poisons. [Jiyva's grace]
   554 | D        | Gained mutation: You have a pair of small horns on your head. [Jiyva's grace]
   563 | D        | Lost mutation: You have a pair of small horns on your head. [Jiyva's grace]
   565 | D        | Entered arena 13.
   565 | D        | Noticed a skeletal warrior
   565 | D        | Noticed a vampire
   566 | D        | Noticed a necrophage
   566 | D        | Noticed a vampire
   566 | D        | Noticed a ghoul
   566 | D        | Lost mutation: Armour fits poorly on your large pseudopods. [Jiyva's grace]
   567 | D        | Gained mutation: You are resistant to hostile enchantments. [Jiyva's grace]
   568 | D        | Noticed a necromancer
   568 | D        | Noticed a shadow
   568 | D        | Noticed a ghoul
   568 | D        | Noticed a skeletal warrior
   570 | D        | Killed a vampire
   570 | D        | Identified a +1 rod of inaccuracy (7/10)
   570 | D        | Gained mutation: Your rubbery body absorbs attacks (AC +1). [Jiyva's grace]
   571 | D        | Gained mutation: You have a somewhat thin skeletal structure (Dex +2, Stealth). [Jiyva's grace]
   572 | D        | Killed a necrophage
   572 | D        | Gained mutation: Your pliable body absorbs attacks (AC +1, EV +1). [Jiyva's grace]
   574 | D        | Killed a vampire
   575 | D        | Killed a skeletal warrior
   575 | D        | Reached skill level 10 in Armour
   576 | D        | Killed a ghoul
   577 | D        | Killed a skeletal warrior
   577 | D        | Lost mutation: Your system is resistant to poisons. [Jiyva's grace]
   579 | D        | Killed a necromancer
   580 | D        | Lost mutation: You are resistant to hostile enchantments. [Jiyva's grace]
   582 | D        | Killed a ghoul
   582 | D        | Killed a shadow
   582 | D        | Gained mutation: Armour fits poorly on your large pseudopods. [Jiyva's grace]
   582 | D        | Lost mutation: You have very sharp teeth. [Jiyva's grace]
   591 | D        | Lost mutation: You have a small jelly attached to you that may absorb incoming projectiles. [Jiyva's grace]
   592 | D        | Got the +10 flail of Prescription {antimagic, rC+ SInv}
   593 | D        | Lost mutation: You have sharp toenails. [Jiyva's grace]
   595 | D        | Lost mutation: You have a somewhat thin skeletal structure (Dex +2, Stealth). [Jiyva's grace]
   598 | D        | Gained mutation: You are partially covered in rugged brown scales (AC +1, +3% HP). [Jiyva's grace]
   663 | D        | Entered arena 14.
   663 | D        | Noticed a shadow
   663 | D        | Noticed a vampire
   663 | D        | Noticed a necrophage
   663 | D        | Noticed a lich
   663 | D        | Noticed a vampire knight
   664 | D        | Noticed a shadow
   664 | D        | Noticed a shadow
   667 | D        | Noticed a wight
   667 | D        | Killed a necrophage
   671 | D        | Paralysed by a vampire knight for 3 turns
   674 | D        | Killed a shadow
   676 | D        | Killed a shadow
   678 | D        | Noticed a shadow wraith
   679 | D        | Killed a vampire knight
   679 | D        | Killed a vampire
   680 | D        | Killed a wight
   680 | D        | Killed a shadow
   682 | D        | Killed a lich
   682 | D        | Reached XP level 12. HP: 76/135 MP: 9/11
   697 | D        | Gained mutation: Your skin is partially translucent (Stealth, -foe acc). [Jiyva's grace]
   699 | D        | Entered arena 15.
   699 | D        | Noticed a vault guard
   699 | D        | Noticed a shadow dragon
   699 | D        | Noticed a stone giant
   699 | D        | Noticed a vault guard
   699 | D        | Noticed a yaktaur
   699 | D        | Noticed a vault guard
   699 | D        | Gained mutation: You have supernaturally acute eyesight. [Jiyva's grace]
   700 | D        | Noticed a vault guard
   700 | D        | Noticed a vault guard
   700 | D        | Noticed a stone giant
   700 | D        | Noticed a vault guard
   701 | D        | Noticed a vault guard
   701 | D        | Noticed a vault guard
   701 | D        | Gained mutation: You are resistant to hostile enchantments. [Jiyva's grace]
   701 | D        | Lost mutation: You are partially covered in rugged brown scales (AC +1, +3% HP). [Jiyva's grace]
   702 | D        | Noticed a vault guard
   703 | D        | Noticed a vault guard
   703 | D        | Killed a vault guard
   703 | D        | Reached skill level 10 in Axes
   705 | D        | Gained mutation: You are surrounded by a mild repulsion field (EV +2). [Jiyva's grace]
   706 | D        | Gained mutation: Your body is completely covered in golden eyeballs (Acc +7, SInv). [Jiyva's grace]
   710 | D        | Killed a vault guard
   712 | D        | Killed a vault guard
   712 | D        | Reached skill level 15 in Shields
   713 | D        | Killed a stone giant
   713 | D        | Killed a vault guard
   714 | D        | Killed a yaktaur
   718 | D        | Killed a vault guard
   718 | D        | Gained mutation: You evolve. [Jiyva's grace]
   719 | D        | Killed a stone giant
   719 | D        | Killed a vault guard
   732 | D        | Killed a shadow dragon
   737 | D        | Killed a vault guard
   738 | D        | Killed a vault guard
   745 | D        | Killed a vault guard
   749 | D        | Killed a vault guard
   753 | D        | Lost mutation: You evolve. [Jiyva's grace]
   772 | D        | Got the amulet of Daisies {Spirit Str+6 Dex+8 Stlth-}
   894 | D        | Lost mutation: Armour fits poorly on your large pseudopods. [Jiyva's grace]
   896 | D        | Lost mutation: Your pliable body absorbs attacks (AC +1, EV +1). [Jiyva's grace]
   899 | D        | Gained mutation: Your skin is mostly translucent (Stealth, -foe acc). [Jiyva's grace]
   901 | D        | Lost mutation: You have supernaturally acute eyesight. [Jiyva's grace]
   903 | D        | Lost mutation: You are surrounded by a mild repulsion field (EV +2). [Jiyva's grace]
   904 | D        | Entered arena 16.
   904 | D        | Noticed a death ooze
   904 | D        | Noticed a slime creature
   904 | D        | Noticed a slime creature
   904 | D        | Noticed an azure jelly
   904 | D        | Noticed a slime creature
   905 | D        | Lost mutation: You have acidic saliva. [Jiyva's grace]
   907 | D        | Noticed a jelly
   907 | D        | Noticed a golden eye
   907 | D        | Gained mutation: You have acidic saliva. [Jiyva's grace]
   908 | D        | Noticed a death ooze
   908 | D        | Noticed a shining eye
   908 | D        | Noticed an azure jelly
   908 | D        | Noticed a death ooze
   908 | D        | Noticed a death ooze
   908 | D        | Gained mutation: Your skin is entirely transparent (Stealth, -foe acc). [Jiyva's grace]
   908 | D        | Lost mutation: Your skin is entirely transparent (Stealth, -foe acc). [Jiyva's grace]
   908 | D        | Lost mutation: Your rubbery body absorbs attacks (AC +1). [Jiyva's grace]
   910 | D        | Gained mutation: You are highly resistant to hostile enchantments. [Jiyva's grace]
   911 | D        | Noticed a jelly
   912 | D        | Gained mutation: You expend magic power (3 MP) to strengthen your wands. [Jiyva's grace]
   912 | D        | Gained mutation: You have a somewhat thin skeletal structure (Dex +2, Stealth). [Jiyva's grace]
   917 | D        | Got the ring "Cires" {rPois MR- MP+9 Int+2}
   917 | D        | Lost mutation: You expend magic power (3 MP) to strengthen your wands. [Jiyva's grace]
   921 | D        | Entered arena 17.
   921 | D        | Noticed Azrael
   921 | D        | Noticed Saint Roka
   923 | D        | Noticed Sigmund
   924 | D        | Noticed Nergalle
   925 | D        | Noticed Erolcha
   926 | D        | Noticed Eustachio
   926 | D        | Noticed Kirke
   926 | D        | Noticed Duvessa
   927 | D        | Noticed Snorg
   928 | D        | Noticed Gastronok
   929 | D        | Noticed Polyphemus
   929 | D        | Killed Azrael
   929 | D        | Reached XP level 13. HP: 85/144 MP: 6/12
   930 | D        | Noticed Terence
   932 | D        | Noticed Nessos
   935 | D        | Killed Saint Roka
   935 | D        | Reached skill level 16 in Shields
   937 | D        | Identified a +2 rod of destruction (13/13)
   939 | D        | Noticed Jessica
   939 | D        | Killed Sigmund
   939 | D        | HP: 4/145 [Nessos/poisoned arrow (14)]
   940 | D        | Shot with a poisoned arrow by Nessos

Action                   |  1- 3 |  4- 6 |  7- 9 | 10-12 | 13-15 || total
-------------------------+-------+-------+-------+-------+-------++-------
Melee: Unarmed           |    12 |    27 |    60 |       |       ||    99
       Flail             |       |       |    11 |       |       ||    11
       Broad axe         |       |       |     4 |    99 |     9 ||   112
Invok: Request Jelly     |       |       |     2 |     8 |       ||    10
Evoke: Lamp of fire      |       |       |       |     1 |       ||     1
       Phial of floods   |       |       |       |     1 |       ||     1
  Use: Potion            |     1 |       |     2 |     7 |     1 ||    11
       Scroll            |       |       |     1 |     1 |     1 ||     3
 Stab: Distracted        |       |       |     2 |     3 |       ||     5
       Confused          |       |       |       |     7 |       ||     7
       Paralysed         |       |       |       |     2 |       ||     2
